| TOP OF THE 1ST |
|
Medicine Hat Blue Jays batting - Pitching for Butte Copper Kings : RHP Leo Enriquez
|
|
Pitching: RHP Leo Enriquez
|
|
|
Batting: LHB Kevin Bates
|
0-0: Ground out 3-1 (Groundball, 34, EV 109.4 MPH)
|
|
Batting: RHB Burt Milley
|
0-0: Fly out, F6 (Popup, 6, EV 78.8 MPH)
|
|
Batting: LHB Jose Gomez
|
0-0: Swinging Strike 0-1: Ball 1-1: Called Strike 1-2: Strikes out swinging
|
| Top of the 1st over - 0 runs, 0 hits, 0 errors, 0 left on base; Medicine Hat 0 - Butte 0 |
| BOTTOM OF THE 1ST |
|
Butte Copper Kings batting - Pitching for Medicine Hat Blue Jays : LHP Chris Green
|
|
Pitching: LHP Chris Green
|
|
|
Batting: RHB Kenny Clark
|
0-0: Ball 1-0: Ball 2-0: Ball 3-0: Base on Balls
|
|
Batting: RHB Steve Howard
|
0-0: Ball 1-0: Foul Ball, location: 2F 1-1: Called Strike 1-2: Strikes out swinging
|
|
Batting: RHB Kevin Sliwinski
|
0-0: Ball 1-0: Ball 2-0: Called Strike 2-1: Fly out, F3 (Popup, 3SF, EV 70.0 MPH)
|
|
Batting: SHB Pat Bone
|
0-0: Called Strike Kenny Clark is caught stealing 2nd base 2-4
|
| Bottom of the 1st over - 0 runs, 0 hits, 0 errors, 0 left on base; Medicine Hat 0 - Butte 0 |
| TOP OF THE 2ND |
|
Medicine Hat Blue Jays batting - Pitching for Butte Copper Kings : RHP Leo Enriquez
|
|
Batting: LHB Tom Reynolds
|
0-0: Ball 1-0: Fly out, F8 (Flyball, 89D, EV 103.1 MPH)
|
|
Batting: RHB Greg Legg
|
0-0: Ball 1-0: Ball 2-0: Called Strike 2-1: Swinging Strike 2-2: Ball 3-2: Strikes out swinging
|
|
Batting: LHB Alberto Chino
|
0-0: Foul Ball, location: 2F 0-1: Ball 1-1: SOLO HOME RUN (Line Drive, 89XD, EV 101.3 MPH), Distance : 430 ft
|
|
Batting: RHB Terence Shoebridge
|
0-0: Called Strike 0-1: Ball 1-1: Ground out 6-3 (Groundball, 6, EV 90.6 MPH)
|
| Top of the 2nd over - 1 run, 1 hit, 0 errors, 0 left on base; Medicine Hat 1 - Butte 0 |
| BOTTOM OF THE 2ND |
|
Butte Copper Kings batting - Pitching for Medicine Hat Blue Jays : LHP Chris Green
|
|
Batting: SHB Pat Bone
|
0-0: Ground out 6-3 (Groundball, 6MD, EV 104.4 MPH)
|
|
Batting: RHB William Allen
|
0-0: Ball 1-0: Foul Ball, location: 2F 1-1: Ball 2-1: Swinging Strike 2-2: Strikes out swinging
|
|
Batting: RHB Keith Komeiji
|
0-0: Called Strike 0-1: Ball 1-1: Ball 2-1: Ball 3-1: Foul Ball, location: 2F 3-2: Fly out, F9 (Flyball, 89S, EV 85.6 MPH)
|
| Bottom of the 2nd over - 0 runs, 0 hits, 0 errors, 0 left on base; Medicine Hat 1 - Butte 0 |
| TOP OF THE 3RD |
|
Medicine Hat Blue Jays batting - Pitching for Butte Copper Kings : RHP Leo Enriquez
|
|
Batting: SHB Cordie Dillard
|
0-0: Called Strike 0-1: Ball 1-1: Ball 2-1: Ball 3-1: Ground out 4-3 (Groundball, 4, EV 83.8 MPH)
|
|
Batting: SHB Manuel DelRosario
|
0-0: Called Strike 0-1: Ball 1-1: Foul Ball, location: 2F 1-2: Ball 2-2: SINGLE (Groundball, 4D, EV 97.5 MPH)
|
|
Batting: LHB Kevin Bates
|
0-0: Ball Manuel DelRosario is caught stealing 2nd base 2-6 1-0: Ball 2-0: Foul Ball, location: 2F 2-1: Ground out 6-3 (Groundball, 6, EV 91.3 MPH)
|
| Top of the 3rd over - 0 runs, 1 hit, 0 errors, 0 left on base; Medicine Hat 1 - Butte 0 |
| BOTTOM OF THE 3RD |
|
Butte Copper Kings batting - Pitching for Medicine Hat Blue Jays : LHP Chris Green
|
|
Batting: RHB Jose Matos
|
0-0: Ball 1-0: Called Strike 1-1: Ground out 6-3 (Groundball, 6, EV 89.4 MPH)
|
|
Batting: RHB Edwin Ortiz
|
0-0: Fly out, F7 (Flyball, 7, EV 88.8 MPH)
|
|
Batting: RHB Jose Escobar
|
0-0: Fly out, F8 (Flyball, 8RD, EV 86.3 MPH)
|
| Bottom of the 3rd over - 0 runs, 0 hits, 0 errors, 0 left on base; Medicine Hat 1 - Butte 0 |
| TOP OF THE 4TH |
|
Medicine Hat Blue Jays batting - Pitching for Butte Copper Kings : RHP Leo Enriquez
|
|
Batting: RHB Burt Milley
|
0-0: Foul Ball, location: 2F 0-1: Called Strike 0-2: SINGLE (Line Drive, 6D, EV 106.9 MPH)
|
|
Batting: LHB Jose Gomez
|
0-0: Ball 1-0: Ball 2-0: Swinging Strike 2-1: Fielders Choice at 2nd, 3-6 (Groundball, 3, EV 78.8 MPH)
|
|
Batting: LHB Tom Reynolds
|
0-0: Ball 1-0: Fly out, F8 (Line Drive, 8RD, EV 96.3 MPH)
|
|
Batting: RHB Greg Legg
|
0-0: Ball 1-0: Ground out 4-3 (Groundball, 34, EV 85.6 MPH)
|
| Top of the 4th over - 0 runs, 1 hit, 0 errors, 1 left on base; Medicine Hat 1 - Butte 0 |
| BOTTOM OF THE 4TH |
|
Butte Copper Kings batting - Pitching for Medicine Hat Blue Jays : LHP Chris Green
|
|
Batting: RHB Kenny Clark
|
0-0: Ball 1-0: Ground out 4-3 (Groundball, 4, EV 91.3 MPH)
|
|
Batting: RHB Steve Howard
|
0-0: Ball 1-0: Ball 2-0: Ball 3-0: Called Strike 3-1: Called Strike 3-2: Base on Balls
|
|
Batting: RHB Kevin Sliwinski
|
0-0: Ball 1-0: Swinging Strike 1-1: Ball 2-1: Called Strike 2-2: Ball 3-2: Foul Ball, location: 2F 3-2: SINGLE (Line Drive, 6MD, EV 96.9 MPH) Steve Howard to second Runner from 2nd tries for 3rd, SAFE, throw by CF made to third
|
|
Batting: SHB Pat Bone
|
0-0: Called Strike 0-1: Called Strike 0-2: Ball 1-2: Foul Ball, location: 2F 1-2: Foul Ball, location: 2F 1-2: Ball 2-2: Ball 3-2: Foul Ball, location: 2F 3-2: Base on Balls Kevin Sliwinski to second
|
|
Batting: RHB William Allen
|
0-0: Ball 1-0: Ball 2-0: Ball 3-0: Called Strike 3-1: Fly out, F9 (Flyball, 89M, EV 74.4 MPH) Runner from 3rd tags up, SCORES, throw by RF
|
|
Batting: RHB Keith Komeiji
|
0-0: Ball 1-0: Called Strike 1-1: Ball 2-1: Ball 3-1: Swinging Strike 3-2: Base on Balls Kevin Sliwinski to third Pat Bone to second
|
|
Batting: RHB Jose Matos
|
0-0: Ground out 1-3 (Groundball, 15S, EV 68.1 MPH)
|
| Bottom of the 4th over - 1 run, 1 hit, 0 errors, 3 left on base; Medicine Hat 1 - Butte 1 |
| TOP OF THE 5TH |
|
Medicine Hat Blue Jays batting - Pitching for Butte Copper Kings : RHP Leo Enriquez
|
|
Batting: LHB Alberto Chino
|
0-0: Ground out U3 (Groundball, 34, EV 102.5 MPH)
|
|
Batting: RHB Terence Shoebridge
|
0-0: Ball 1-0: Ball 2-0: Called Strike 2-1: Ball 3-1: Foul Ball, location: 2F 3-2: Foul Ball, location: 2F 3-2: DOUBLE (Flyball, 78D, EV 93.1 MPH)
|
|
Batting: SHB Cordie Dillard
|
0-0: Ball 1-0: Called Strike 1-1: Ball 2-1: Ball 3-1: Base on Balls
|
|
Batting: SHB Manuel DelRosario
|
0-0: Fly out, F8 (Flyball, 8RM, EV 90.6 MPH)
|
|
Batting: LHB Kevin Bates
|
0-0: Ball 1-0: Fielders Choice at 2nd, 6-4 (Groundball, 6, EV 98.8 MPH)
|
| Top of the 5th over - 0 runs, 1 hit, 0 errors, 2 left on base; Medicine Hat 1 - Butte 1 |
| BOTTOM OF THE 5TH |
|
Butte Copper Kings batting - Pitching for Medicine Hat Blue Jays : LHP Chris Green
|
|
Batting: RHB Edwin Ortiz
|
0-0: Fly out, F7 (Line Drive, 7D, EV 85.0 MPH)
|
|
Batting: RHB Jose Escobar
|
0-0: Ball 1-0: Fly out, F7 (Flyball, 78S, EV 90.0 MPH)
|
|
Batting: RHB Kenny Clark
|
0-0: Ball 1-0: Ball 2-0: Ball 3-0: Called Strike 3-1: Foul Ball, location: 2F 3-2: Base on Balls
|
|
Batting: RHB Steve Howard
|
0-0: Ball 1-0: Called Strike 1-1: Ground out 5-3 (Groundball, 56S, EV 78.1 MPH)
|
| Bottom of the 5th over - 0 runs, 0 hits, 0 errors, 1 left on base; Medicine Hat 1 - Butte 1 |
| TOP OF THE 6TH |
|
Medicine Hat Blue Jays batting - Pitching for Butte Copper Kings : RHP Leo Enriquez
|
|
Batting: RHB Burt Milley
|
0-0: Ball 1-0: Ground out 6-3 (Groundball, 6, EV 80.0 MPH)
|
|
Batting: LHB Jose Gomez
|
0-0: Called Strike 0-1: Reached on error, E6 (Groundball, 6, EV 90.0 MPH)
|
|
Batting: LHB Tom Reynolds
|
0-0: Ball 1-0: Fly out, F9 (Flyball, 89S, EV 78.1 MPH)
|
|
Batting: RHB Greg Legg
|
0-0: Ball 1-0: Ball 2-0: Called Strike 2-1: DOUBLE (Groundball, 3L, EV 101.3 MPH) Jose Gomez to third Runner from 3rd tries for Home, SAFE, throw by RF to trailing runner, SAFE at third!
|
|
Batting: LHB Alberto Chino
|
0-0: Foul Ball, location: 2F 0-1: Ball 1-1: Swinging Strike 1-2: Strikes out swinging
|
| Top of the 6th over - 1 run, 1 hit, 1 error, 1 left on base; Medicine Hat 2 - Butte 1 |
| BOTTOM OF THE 6TH |
|
Butte Copper Kings batting - Pitching for Medicine Hat Blue Jays : LHP Chris Green
|
|
Batting: RHB Kevin Sliwinski
|
0-0: Foul Ball, location: 2F 0-1: Ball 1-1: Called Strike 1-2: Foul Ball, location: 2F 1-2: Foul Ball, location: 2F 1-2: Foul Ball, location: 2F 1-2: Ground out 4-3 (Groundball, 4, EV 80.6 MPH)
|
|
Batting: SHB Pat Bone
|
0-0: Ball 1-0: Called Strike 1-1: Ball 2-1: Fly out, F7 (Flyball, 7D, EV 101.3 MPH)
|
|
Batting: RHB William Allen
|
0-0: Called Strike 0-1: Called Strike 0-2: Foul Ball, location: 2F 0-2: Foul Ball, location: 2F 0-2: Ball 1-2: Ball 2-2: Fly out, F7 (Flyball, 78M, EV 84.4 MPH)
|
| Bottom of the 6th over - 0 runs, 0 hits, 0 errors, 0 left on base; Medicine Hat 2 - Butte 1 |
| TOP OF THE 7TH |
|
Medicine Hat Blue Jays batting - Pitching for Butte Copper Kings : RHP Leo Enriquez
|
|
Batting: RHB Terence Shoebridge
|
0-0: Swinging Strike 0-1: Ball 1-1: Ball 2-1: Ball 3-1: Ground out 4-3 (Groundball, 34, EV 85.0 MPH)
|
|
Batting: SHB Cordie Dillard
|
0-0: Ball 1-0: Ball 2-0: Ball 3-0: Base on Balls
|
|
Batting: SHB Manuel DelRosario
|
0-0: Foul Ball, location: 2F 0-1: Foul Ball, location: 2F 0-2: Fly out, F9 (Flyball, 89S, EV 93.8 MPH)
|
|
Batting: LHB Kevin Bates
|
0-0: Ball 1-0: Foul Ball, location: 2F 1-1: Foul Ball, location: 2F 1-2: SINGLE (Groundball, 23, EV 81.9 MPH) (infield hit) Cordie Dillard to second
|
|
Batting: RHB Burt Milley
|
0-0: Foul Ball, location: 2F 0-1: Ball 1-1: DOUBLE (Line Drive, 7LS, EV 106.9 MPH) Cordie Dillard scores Kevin Bates to third Runner from 3rd tries for Home, SAFE, no throw by LF
|
|
Batting: LHB Jose Gomez
|
0-0: Foul Ball, location: 2F 0-1: Ball 1-1: Ball 2-1: Ball 3-1: Called Strike 3-2: Base on Balls
|
|
Batting: LHB Tom Reynolds
|
0-0: Ball 1-0: Fly out, F7 (Flyball, 7, EV 95.6 MPH)
|
| Top of the 7th over - 2 runs, 2 hits, 0 errors, 2 left on base; Medicine Hat 4 - Butte 1 |
| BOTTOM OF THE 7TH |
|
Butte Copper Kings batting - Pitching for Medicine Hat Blue Jays : LHP Chris Green
|
|
Batting: RHB Keith Komeiji
|
0-0: Ball 1-0: Ball 2-0: Called Strike 2-1: Called Strike 2-2: Ball 3-2: Foul Ball, location: 2F 3-2: Foul Ball, location: 2F 3-2: Strikes out looking
|
|
Batting: RHB Jose Matos
|
0-0: Ball 1-0: Swinging Strike 1-1: Foul Ball, location: 2F 1-2: Strikes out swinging
|
|
Batting: RHB Edwin Ortiz
|
0-0: Called Strike 0-1: Foul Ball, location: 2F 0-2: Ball 1-2: Ball 2-2: Ball 3-2: Fly out, F9 (Flyball, 9LM, EV 86.9 MPH)
|
| Bottom of the 7th over - 0 runs, 0 hits, 0 errors, 0 left on base; Medicine Hat 4 - Butte 1 |
| TOP OF THE 8TH |
|
Medicine Hat Blue Jays batting - Pitching for Butte Copper Kings : RHP Leo Enriquez
|
|
Batting: RHB Greg Legg
|
0-0: SINGLE (Line Drive, 9S, EV 91.9 MPH)
|
|
Batting: LHB Alberto Chino
|
0-0: Ball 1-0: Bunted foul 1-1: Bunted foul 1-2: Fly out, F7 (Flyball, 7, EV 94.4 MPH)
|
|
Batting: RHB Terence Shoebridge
|
0-0: Ground out 5-3 (Groundball, 56S, EV 68.1 MPH) Greg Legg to second
|
|
Batting: SHB Cordie Dillard
|
0-0: Ground out 3-1 (Groundball, 34S, EV 81.3 MPH)
|
| Top of the 8th over - 0 runs, 1 hit, 0 errors, 1 left on base; Medicine Hat 4 - Butte 1 |
| BOTTOM OF THE 8TH |
|
Butte Copper Kings batting - Pitching for Medicine Hat Blue Jays : LHP Chris Green
|
|
Batting: RHB Jose Escobar
|
0-0: Ball 1-0: Called Strike 1-1: Swinging Strike 1-2: Strikes out looking
|
|
Batting: RHB Kenny Clark
|
0-0: Ball 1-0: SINGLE (Groundball, 3D, EV 102.5 MPH)
|
|
Batting: RHB Steve Howard
|
0-0: Ball 1-0: Called Strike 1-1: Ball 2-1: Reached on error, E6 (Groundball, 56, EV 98.1 MPH) Kenny Clark to second
|
|
Batting: RHB Kevin Sliwinski
|
0-0: SINGLE (Groundball, P, EV 84.4 MPH) (infield hit) Kenny Clark to third Steve Howard to second
|
|
Batting: SHB Pat Bone
|
0-0: Called Strike 0-1: Fly out, F9 (Line Drive, 9D, EV 104.4 MPH) Runner from 3rd tags up, SCORES, no throw by RF
|
|
Batting: RHB William Allen
|
0-0: Fly out, F9 (Line Drive, 9, EV 99.4 MPH)
|
| Bottom of the 8th over - 1 run, 2 hits, 1 error, 2 left on base; Medicine Hat 4 - Butte 2 |
| TOP OF THE 9TH |
|
Medicine Hat Blue Jays batting - Pitching for Butte Copper Kings : RHP Leo Enriquez
|
|
Batting: SHB Manuel DelRosario
|
0-0: Called Strike 0-1: Fly out, F9 (Line Drive, 9, EV 88.8 MPH)
|
|
Pitching: RHP Alec McCullock
|
|
|
Batting: LHB Kevin Bates
|
0-0: Ball 1-0: Fly out, F8 (Line Drive, 8LM, EV 86.9 MPH)
|
|
Batting: RHB Burt Milley
|
0-0: Called Strike 0-1: Called Strike 0-2: Ground out 1-3 (Groundball, P, EV 73.8 MPH)
|
| Top of the 9th over - 0 runs, 0 hits, 0 errors, 0 left on base; Medicine Hat 4 - Butte 2 |
| BOTTOM OF THE 9TH |
|
Butte Copper Kings batting - Pitching for Medicine Hat Blue Jays : LHP Chris Green
|
|
Pitching: RHP Omar Bencomo
|
|
|
Now at 2B: Thomas Norko
|
|
|
Now at 3B: David Fowlkes
|
|
|
Batting: RHB Keith Komeiji
|
0-0: SOLO HOME RUN (Flyball, 78XD, EV 94.4 MPH), Distance : 407 ft
|
|
Pinch Hitting: LHB Michael Kane
|
0-0: Ball 1-0: SOLO HOME RUN (Flyball, 9LD, EV 98.1 MPH), Distance : 357 ft
|
|
Pinch Hitting: LHB Larry Jackson
|
0-0: Ball 1-0: Ball 2-0: Swinging Strike 2-1: Foul Ball, location: 2F 2-2: Ball 3-2: Strikes out swinging
|
|
Pinch Hitting: LHB David Dillard
|
0-0: Ball 1-0: Ball 2-0: Ball 3-0: Called Strike 3-1: Base on Balls
|
|
Pinch Hitting: LHB Jack Foley
|
0-0: Called Strike David Dillard is caught stealing 2nd base 2-6 0-1: Foul Ball, location: 2F 0-2: Ball 1-2: Fly out, F8 (Line Drive, 8RD, EV 102.5 MPH)
|
| Bottom of the 9th over - 2 runs, 2 hits, 0 errors, 0 left on base; Medicine Hat 4 - Butte 4 |
| TOP OF THE 10TH |
|
Medicine Hat Blue Jays batting - Pitching for Butte Copper Kings : RHP Alec McCullock
|
|
Pitching: RHP Tony Ghelfi
|
|
|
Now at 1B: Jack Foley
|
|
|
Now at 2B: Steven Smith
|
|
|
Now at 3B: Michael Kane
|
|
|
Now at SS: Juan Alvarez
|
|
|
Batting: LHB Jose Gomez
|
0-0: Ball 1-0: Foul Ball, location: 2F 1-1: Called Strike 1-2: Ball 2-2: Ball 3-2: Fly out, F7 (Flyball, 78D, EV 100.0 MPH)
|
|
Batting: LHB Tom Reynolds
|
0-0: Foul Ball, location: 2F 0-1: Ball 1-1: Ball 2-1: Ball 3-1: Fly out, F9 (Flyball, 89M, EV 84.4 MPH)
|
|
Pinch Hitting: SHB Chris Gonzalez
|
0-0: Fly out, F7 (Flyball, 7, EV 83.1 MPH)
|
| Top of the 10th over - 0 runs, 0 hits, 0 errors, 0 left on base; Medicine Hat 4 - Butte 4 |
| BOTTOM OF THE 10TH |
|
Butte Copper Kings batting - Pitching for Medicine Hat Blue Jays : RHP Omar Bencomo
|
|
Pitching: RHP Andrew Adams
|
|
|
Now at 2B: Jeffrey Wilson
|
|
|
Batting: LHB Jeff Williams
|
0-0: Ball 1-0: Foul Ball, location: 2F 1-1: DOUBLE (Line Drive, 7LD, EV 106.9 MPH)
|
|
Batting: RHB Kevin Sliwinski
|
0-0: Intentional Walk
|
|
Batting: SHB Pat Bone
|
0-0: Ball 1-0: Called Strike 1-1: SINGLE (Groundball, 5D, EV 94.4 MPH) Jeff Williams to third Kevin Sliwinski to second Runner from 3rd tries for Home, SAFE, throw by LF to home
|
| Bottom of the 10th over - 1 run, 2 hits, 0 errors, 0 left on base; Medicine Hat 4 - Butte 5 |
|